Senators vs Monarchs
(R1)
Created - 26 février 2015 at 19:16
Goals
|
| Senators |
1 |
0 |
0 |
1 |
| Monarchs |
1 |
2 |
4 |
7 |
|
Shots
|
| Senators |
13 |
6 |
16 |
35 |
| Monarchs |
16 |
5 |
15 |
36 |
|
1st period
1. Senators , Stanislav Chistov 49 (Rob Niedermayer, Niklas Hagman) at 1:39
2. Monarchs , Cody Franson 4 (Brock Trotter, Jordan Nolan) at 18:30 (PP)
Penalties :
Tyler Kennedy (MAN) for Goalie Interference (Minor) at 10:38, Logan Stephenson (BIN) for Slashing (Minor) at 18:16
2nd period
3. Monarchs , Boyd Gordon 1 (Peter Schaefer, Cody Franson) at 2:11
4. Monarchs , Matt Martin 10 (Matt Irwin, Zac Rinaldo) at 11:40
Penalties :
Josh Hennessy (BIN) for Slashing (Minor) at 2:54, Stanislav Chistov (BIN) for Hooking (Minor) at 6:06, Stanislav Chistov (BIN) for Interference (Minor) at 12:02, Marc Methot (MAN) for Interference (Minor) at 18:20
3rd period
5. Monarchs , Boyd Gordon 2 (Peter Schaefer, Matt Irwin) at 4:24
6. Monarchs , Cody Franson 5 (Boyd Gordon) at 4:50
7. Monarchs , Tyler Kennedy 11 (Brock Trotter, Jordan Nolan) at 8:14
8. Monarchs , Dana Tyrell 7 (Jay Beagle, Cody Franson) at 9:34
Penalties :
Logan Stephenson (BIN) for High sticking (Minor) at 9:37, Shawn Belle (MAN) for Boarding (Minor) at 11:53, Sergei Kostitsyn (BIN) for Hooking (Minor) at 12:16, Matt Martin (MAN) for Fighting (Major) at 15:08, Stanislav Chistov (BIN) for Fighting (Major) at 15:08, Zack Kassian (MAN) for Fighting (Major) at 15:45, Vladimir Mihalik (BIN) for Fighting (Major) at 15:45, Matt Irwin (MAN) for Hooking (Minor) at 16:07
Goalie Stats
Alexander Salak (BIN), 5 saves from 5 shots - (1,000), 10:26 minutes
Jonas Gustavsson (BIN), 24 saves from 31 shots - (0,774), L, 18-9-4, 49:34 minutes
James Reimer (MAN), 34 saves from 35 shots - (0,971), W, 18-20-4, 60:00 minutes
Players Stats for Senators
Player Name G A P +/- PIM S H SB GA TA FO MP PP MP PK MP
------------------------------------------------------------------------------------
Brett Sterling 0 0 0 -1 0 0 0 0 0 1 0/0 9:51 0:23 0:38
Cody Hodgson 0 0 0 -1 0 1 1 0 0 0 0/4 10:03 0:00 2:04
Erik Haula 0 0 0 -2 0 0 2 0 0 1 1/4 9:03 0:00 0:29
Erik Karlsson 0 0 0 -1 0 1 0 0 0 1 0/0 20:58 2:11 3:19
Gabriel Bourque 0 0 0 -2 0 2 0 0 0 0 0/0 7:50 0:00 0:00
Jack Skille 0 0 0 -1 0 1 0 0 0 0 1/2 10:22 0:42 0:00
Josh Hennessy 0 0 0 -3 2 2 3 2 1 0 5/12 17:39 2:37 2:28
Logan Stephenson 0 0 0 -1 4 1 1 5 0 1 0/0 20:12 2:11 2:34
Marc-André Bernier 0 0 0 -2 0 3 0 0 0 0 0/0 7:50 0:00 0:00
Milan Jurcina 0 0 0 -2 0 3 3 2 0 1 0/0 29:40 4:09 5:14
Niklas Hagman 0 1 1 1 0 3 1 1 1 0 1/1 24:20 3:43 5:00
Rob Niedermayer 0 1 1 1 0 2 1 0 0 0 18/43 24:20 3:43 5:00
Sergei Kostitsyn 0 0 0 -3 2 2 1 1 1 0 0/0 14:57 2:36 0:00
Shane Sims 0 0 0 -2 0 0 0 2 0 0 0/0 11:37 1:13 0:00
Stanislav Chistov 1 0 1 1 9 2 0 1 0 0 0/0 18:38 2:38 1:27
Steven Goertzen 0 0 0 -3 0 8 0 0 1 0 1/1 14:52 2:37 0:00
Tyson Barrie 0 0 0 -2 0 0 0 0 0 0 0/0 10:07 0:00 0:45
Vladimir Mihalik 0 0 0 -2 5 4 0 1 0 1 0/0 27:24 2:56 5:14
Players Stats for Monarchs
Player Name G A P +/- PIM S H SB GA TA FO MP PP MP PK MP
------------------------------------------------------------------------------------
Boyd Gordon 2 1 3 2 0 4 3 0 0 0 13/19 17:43 0:00 3:34
Brock Trotter 0 2 2 0 0 2 2 0 1 0 0/1 21:24 5:04 1:07
Cody Franson 2 2 4 3 0 5 4 0 2 0 0/0 21:39 4:19 3:24
Dana Tyrell 1 0 1 2 0 1 0 0 0 0 1/1 7:55 0:00 1:39
Eric Wellwood 0 0 0 2 0 0 1 0 0 0 0/0 9:16 0:08 1:39
Jay Beagle 0 1 1 2 0 0 1 0 1 0 0/0 8:37 0:17 0:00
Jordan Nolan 0 2 2 0 0 1 5 1 0 0 21/36 21:28 5:04 0:21
Jordie Benn 0 0 0 0 0 0 0 0 0 0 0/0 5:38 0:03 0:22
Marc Methot 0 0 0 3 2 0 1 0 0 0 0/0 14:58 0:03 2:03
Matt Irwin 0 2 2 3 2 4 0 0 1 0 0/0 25:16 4:19 0:31
Matt Martin 1 0 1 1 5 3 0 1 0 0 0/1 12:27 3:21 0:46
Peter Schaefer 0 2 2 2 0 3 0 0 1 0 0/0 12:20 0:00 0:00
Richard Park 0 0 0 1 0 4 3 1 0 1 1/1 13:19 0:05 3:34
Roman Josi 0 0 0 -1 0 0 0 3 0 2 0/0 15:45 4:11 0:00
Shawn Belle 0 0 0 -1 2 1 0 1 0 0 0/0 13:24 0:03 2:56
Travis Hamonic 0 0 0 3 0 5 1 1 0 1 0/0 24:07 4:11 3:24
Tyler Kennedy 1 0 1 0 2 1 2 0 0 0 3/3 18:27 3:18 0:00
Zac Rinaldo 0 1 1 1 0 2 1 0 0 0 1/5 12:15 3:18 0:00
Zack Kassian 0 0 0 2 5 0 1 0 0 0 0/0 16:00 5:01 0:00
3 Stars
1 - Cody Franson (MAN)
2 - Boyd Gordon (MAN)
3 - James Reimer (MAN)
Power Play
Senators - 0 on 4 Attempt(s) - 0,00%
Monarchs - 1 on 6 Attempt(s) - 16,67%
Penalty Kill
Senators - 5 on 6 Attempt(s) - 83,33%
- Score 0 goal in Penalty Kill
Monarchs - 4 on 4 Attempt(s) - 100,00%
- Score 0 goal in Penalty Kill
Team Stat
Senators - Hits : 13 - Faceoff Wins : 27 - Blocked Shots : 15 - Penalty Minutes : 22
Monarchs - Hits : 25 - Faceoff Wins : 40 - Blocked Shots : 8 - Penalty Minutes : 18
Official
Referees : Morton Dean and Walsh Ian
Linesman : Steve Miller and Don Henderson
Game Notes
Alexander Salak enters game at 9:34 of 3rd period
Matt Martin and Stanislav Chistov fight to a draw at 15:08 of 3rd period
Vladimir Mihalik beats up Zack Kassian at 15:45 of 3rd period
Finance
Level 1 -- Attendance: 1468 (73,40%) -- Ticket Income 51 380 $
Level 2 -- Attendance: 703 (70,30%) -- Ticket Income 10 545 $
Total Attendance: 2171 (72,37%)
Total Ticket Income: 61 925 $
Other Income: 3 096 $
Total Income: 65 021 $
Senators
5 vs 5 Forward
Center Left Wing Right Wing Time % Phy DF OF
1 Rob Niedermayer Niklas Hagman Stanislav Chistov 40 1 2 2
2 Josh Hennessy Sergei Kostitsyn Steven Goertzen 30 1 2 2
3 Cody Hodgson Brett Sterling Jack Skille 20 1 2 2
4 Erik Haula Gabriel Bourque Marc-André Bernier 10 1 2 2
5 vs 5 Defense
Defense Defense Time % Phy DF OF
1 Vladimir Mihalik Milan Jurcina 40 1 2 2
2 Logan Stephenson Erik Karlsson 30 1 2 2
3 Shane Sims Tyson Barrie 20 1 2 2
4 Vladimir Mihalik Milan Jurcina 10 1 2 2
PowerPlay Forward
Center Left Wing Right Wing Time % Phy DF OF
1 Rob Niedermayer Niklas Hagman Stanislav Chistov 60 1 2 2
2 Josh Hennessy Sergei Kostitsyn Steven Goertzen 40 1 2 2
PowerPlay Defense
Defense Defense Time % Phy DF OF
1 Vladimir Mihalik Milan Jurcina 60 1 2 2
2 Logan Stephenson Erik Karlsson 40 1 2 2
Penalty Kill 4 Players Forward
Center Wing Time % Phy DF OF
1 Rob Niedermayer Niklas Hagman 60 1 2 2
2 Josh Hennessy Stanislav Chistov 40 1 2 2
Penalty Kill 4 Players Defense
Defense Defense Time % Phy DF OF
1 Vladimir Mihalik Milan Jurcina 60 1 2 2
2 Logan Stephenson Erik Karlsson 40 1 2 2
Penalty Kill - 3 Players Forward
Forward Time % Phy DF OF
1 Rob Niedermayer 60 1 2 2
2 Niklas Hagman 40 1 2 2
Penalty Kill - 3 Players Defense
Defense Defense Time % Phy DF OF
1 Vladimir Mihalik Milan Jurcina 60 1 2 2
2 Logan Stephenson Erik Karlsson 40 1 2 2
4 vs 4 Forward
Center Wing Time % Phy DF OF
1 Rob Niedermayer Niklas Hagman 60 1 2 2
2 Josh Hennessy Stanislav Chistov 40 1 2 2
4 vs 4 Defense
Defense Defense Time % Phy DF OF
1 Vladimir Mihalik Milan Jurcina 60 1 2 2
2 Logan Stephenson Erik Karlsson 40 1 2 2
Last Minutes Offensive
Center Left Wing Right Wing Defense Defense
Rob Niedermayer Niklas Hagman Stanislav Chistov Vladimir Mihalik Milan Jurcina
Last Minutes Defensive
Center Left Wing Right Wing Defense Defense
Rob Niedermayer Niklas Hagman Stanislav Chistov Vladimir Mihalik Milan Jurcina
Goaltenders
Starting : Jonas Gustavsson
Backup : Alexander Salak
Extra Forwards
Normal : Jack Skille, Brett Sterling, Cody Hodgson - PP : Jack Skille, Brett Sterling - PK : Cody Hodgson
Extra Defensemen
Normal : Shane Sims, Tyson Barrie, Logan Stephenson - PP : Shane Sims - PK : Tyson Barrie, Logan Stephenson
Penalty Shots
Rob Niedermayer, Niklas Hagman, Josh Hennessy, Stanislav Chistov, Sergei Kostitsyn
Monarchs
5 vs 5 Forward
Center Left Wing Right Wing Time % Phy DF OF
1 Jordan Nolan Brock Trotter Tyler Kennedy 40 2 1 2
2 Boyd Gordon Peter Schaefer Zack Kassian 30 1 2 2
3 Zac Rinaldo Matt Martin Richard Park 20 3 1 1
4 Dana Tyrell Eric Wellwood Jay Beagle 10 1 4 0
5 vs 5 Defense
Defense Defense Time % Phy DF OF
1 Matt Irwin Travis Hamonic 40 1 2 2
2 Cody Franson Marc Methot 30 1 2 2
3 Shawn Belle Roman Josi 20 1 2 2
4 Jordie Benn Matt Irwin 10 1 2 2
PowerPlay Forward
Center Left Wing Right Wing Time % Phy DF OF
1 Jordan Nolan Brock Trotter Zack Kassian 60 1 1 3
2 Zac Rinaldo Matt Martin Tyler Kennedy 40 0 1 4
PowerPlay Defense
Defense Defense Time % Phy DF OF
1 Matt Irwin Cody Franson 60 0 2 3
2 Roman Josi Travis Hamonic 40 0 2 3
Penalty Kill 4 Players Forward
Center Wing Time % Phy DF OF
1 Boyd Gordon Richard Park 60 1 2 2
2 Dana Tyrell Eric Wellwood 40 1 2 2
Penalty Kill 4 Players Defense
Defense Defense Time % Phy DF OF
1 Travis Hamonic Cody Franson 60 1 2 2
2 Marc Methot Shawn Belle 40 1 2 2
Penalty Kill - 3 Players Forward
Forward Time % Phy DF OF
1 Jordan Nolan 60 1 2 2
2 Boyd Gordon 40 1 2 2
Penalty Kill - 3 Players Defense
Defense Defense Time % Phy DF OF
1 Travis Hamonic Cody Franson 60 1 2 2
2 Marc Methot Shawn Belle 40 1 2 2
4 vs 4 Forward
Center Wing Time % Phy DF OF
1 Boyd Gordon Eric Wellwood 60 1 2 2
2 Jordan Nolan Richard Park 40 1 2 2
4 vs 4 Defense
Defense Defense Time % Phy DF OF
1 Travis Hamonic Cody Franson 60 1 2 2
2 Matt Irwin Shawn Belle 40 1 2 2
Last Minutes Offensive
Center Left Wing Right Wing Defense Defense
Jordan Nolan Brock Trotter Zack Kassian Matt Irwin Cody Franson
Last Minutes Defensive
Center Left Wing Right Wing Defense Defense
Boyd Gordon Peter Schaefer Eric Wellwood Travis Hamonic Cody Franson
Goaltenders
Starting : James Reimer
Backup : Richard Bachman
Extra Forwards
Normal : Jordan Nolan, Jay Beagle, Matt Martin - PP : Zac Rinaldo, Jay Beagle - PK : Matt Martin
Extra Defensemen
Normal : Cody Franson, Matt Irwin, Travis Hamonic - PP : Roman Josi - PK : Jordie Benn, Matt Irwin
Penalty Shots
Matt Irwin, Boyd Gordon, Peter Schaefer, Tyler Kennedy, Jordan Nolan
% Time on Ice - Senators
Lines # - Real PCT - Wanted PCT - Time Play
Normal Forward
1 - 35% - 40% - 15:10
2 - 29% - 30% - 12:36
3 - 18% - 20% - 7:55
4 - 18% - 10% - 7:50
Normal Defense
1 - 41% - 40% - 17:56
2 - 34% - 30% - 14:58
3 - 22% - 20% - 9:22
4 - 3% - 10% - 1:15
PP Forward
1 - 59% - 60% - 3:43
2 - 41% - 40% - 2:37
PP Defense
1 - 66% - 60% - 4:09
2 - 34% - 40% - 2:11
PK Forward
1 - 64% - 60% - 5:28
2 - 36% - 40% - 3:05
PK Defense
1 - 61% - 60% - 5:14
2 - 39% - 40% - 3:19
PK3 Forward
1 - 0% - 60%
2 - 0% - 40%
PK3 Defense
1 - 0% - 60%
2 - 0% - 40%
44 Forward
1 - 85% - 60% - 1:22
2 - 15% - 40% - 0:14
44 Defense
1 - 69% - 60% - 1:06
2 - 31% - 40% - 0:30
Last Minute Offensive - 0:00
Last Minute Defensive - 0:00
Total
Forward - 60:00
Defense - 60:00
|
% Time on Ice - Monarchs
Lines # - Real PCT - Wanted PCT - Time Play
Normal Forward
1 - 37% - 40% - 15:58
2 - 29% - 30% - 12:33
3 - 20% - 20% - 8:44
4 - 14% - 10% - 6:16
Normal Defense
1 - 34% - 40% - 14:54
2 - 30% - 30% - 13:07
3 - 24% - 20% - 10:26
4 - 12% - 10% - 5:04
PP Forward
1 - 61% - 60% - 5:15
2 - 39% - 40% - 3:18
PP Defense
1 - 50% - 60% - 4:19
2 - 50% - 40% - 4:14
PK Forward
1 - 74% - 60% - 4:41
2 - 26% - 40% - 1:39
PK Defense
1 - 54% - 60% - 3:24
2 - 46% - 40% - 2:56
PK3 Forward
1 - 0% - 60%
2 - 0% - 40%
PK3 Defense
1 - 0% - 60%
2 - 0% - 40%
44 Forward
1 - 100% - 60% - 1:36
2 - 0% - 40% - 0:00
44 Defense
1 - 42% - 60% - 0:40
2 - 58% - 40% - 0:56
Last Minute Offensive - 0:00
Last Minute Defensive - 0:00
Total
Forward - 60:00
Defense - 60:00
|
Play by Play
1st period
0:01 of 1st period - Jordan Nolan wins face-off versus Rob Niedermayer in neutral zone.
0:50 of 1st period - Off-side.
0:51 of 1st period - Jack Skille wins face-off versus Zac Rinaldo in neutral zone.
1:06 of 1st period - Snap shot by Richard Park.
1:06 of 1st period - Shot Misses the Net.
1:18 of 1st period - Logan Stephenson is hit by Cody Franson and loses puck.
1:23 of 1st period - Backhand shot by Jay Beagle.
1:23 of 1st period - Shot Blocked by Logan Stephenson.
1:25 of 1st period - Slapshot by Shawn Belle.
1:25 of 1st period - Stopped by Jonas Gustavsson with a rebound.
1:39 of 1st period - Backhand shot by Stanislav Chistov.
1:39 of 1st period - Goal by Stanislav Chistov - Senators : 1 - Monarchs : 0.
1:40 of 1st period - Boyd Gordon wins face-off versus Josh Hennessy in neutral zone.
1:47 of 1st period - Snap shot by Peter Schaefer.
1:47 of 1st period - Stopped by Jonas Gustavsson without a rebound.
1:48 of 1st period - Boyd Gordon wins face-off versus Josh Hennessy in Senators zone.
2:22 of 1st period - Snap shot by Steven Goertzen.
2:22 of 1st period - Deflect By Peter Schaefer.
2:22 of 1st period - Shot Misses the Net.
2:22 of 1st period - Puck is out of play.
2:23 of 1st period - Rob Niedermayer wins face-off versus Jordan Nolan in Monarchs zone.
2:48 of 1st period - Milan Jurcina is hit by Zac Rinaldo.
3:37 of 1st period - Off-side.
3:38 of 1st period - Rob Niedermayer wins face-off versus Jordan Nolan in neutral zone.
4:31 of 1st period - Icing by Logan Stephenson.
4:32 of 1st period - Jordan Nolan wins face-off versus Erik Haula in Senators zone.
4:35 of 1st period - Snap shot by Brock Trotter.
4:35 of 1st period - Stopped by Jonas Gustavsson without a rebound.
4:36 of 1st period - Jordan Nolan wins face-off versus Rob Niedermayer in Senators zone.
4:49 of 1st period - Wrist shot by Brock Trotter.
4:49 of 1st period - Shot Misses the Net.
5:18 of 1st period - Slapshot by Steven Goertzen.
5:18 of 1st period - Stopped by James Reimer with a rebound.
5:51 of 1st period - Milan Jurcina is hit by Travis Hamonic and loses puck.
6:18 of 1st period - Snap shot by Stanislav Chistov.
6:18 of 1st period - Shot Misses the Net.
6:38 of 1st period - Wrist shot by Sergei Kostitsyn.
6:38 of 1st period - Stopped by James Reimer with a rebound.
6:40 of 1st period - Snap shot by Josh Hennessy.
6:40 of 1st period - Stopped by James Reimer without a rebound.
6:41 of 1st period - Jordan Nolan wins face-off versus Rob Niedermayer in Monarchs zone.
7:52 of 1st period - Snap shot by Stanislav Chistov.
7:52 of 1st period - Shot Hit the Post.
8:28 of 1st period - Boyd Gordon is hit by Josh Hennessy and loses puck.
8:40 of 1st period - Vladimir Mihalik is hit by Zack Kassian and loses puck.
8:57 of 1st period - Wrist shot by Matt Irwin.
8:57 of 1st period - Stopped by Jonas Gustavsson with a rebound.
8:59 of 1st period - Slapshot by Zac Rinaldo.
8:59 of 1st period - Stopped by Jonas Gustavsson with a rebound.
9:01 of 1st period - Slapshot by Matt Irwin.
9:01 of 1st period - Deflect By Matt Martin.
9:01 of 1st period - Shot Misses the Net.
9:01 of 1st period - Puck is out of play.
9:02 of 1st period - Erik Haula wins face-off versus Jordan Nolan in Senators zone.
9:02 of 1st period - Erik Haula is hit by Jordan Nolan.
9:10 of 1st period - Brock Trotter is hit by Erik Haula and loses puck.
9:27 of 1st period - Shane Sims is hit by Boyd Gordon and loses puck.
9:32 of 1st period - Snap shot by Peter Schaefer.
9:32 of 1st period - Shot Blocked by Sergei Kostitsyn.
9:34 of 1st period - Slapshot by Peter Schaefer.
9:34 of 1st period - Stopped by Jonas Gustavsson with a rebound.
9:47 of 1st period - Niklas Hagman is hit by Richard Park and loses puck.
9:52 of 1st period - Slapshot by Shane Sims.
9:52 of 1st period - Shot Blocked by Roman Josi.
9:54 of 1st period - Wrist shot by Rob Niedermayer.
9:54 of 1st period - Shot Misses the Net.
9:56 of 1st period - Wrist shot by Niklas Hagman.
9:56 of 1st period - Stopped by James Reimer with a rebound.
10:14 of 1st period - Snap shot by Gabriel Bourque.
10:14 of 1st period - Shot Blocked by Shawn Belle.
10:16 of 1st period - Slapshot by Marc-André Bernier.
10:16 of 1st period - Stopped by James Reimer without a rebound.
10:17 of 1st period - Jordan Nolan wins face-off versus Rob Niedermayer in Monarchs zone.
10:38 of 1st period - Minor Penalty to Tyler Kennedy for Goalie Interference.
10:39 of 1st period - Rob Niedermayer wins face-off versus Boyd Gordon in Monarchs zone.
10:40 of 1st period - Wrist shot by Niklas Hagman.
10:40 of 1st period - Shot Blocked by Richard Park.
11:18 of 1st period - Wrist shot by Steven Goertzen.
11:18 of 1st period - Shot Misses the Net.
11:20 of 1st period - Slapshot by Vladimir Mihalik.
11:20 of 1st period - Stopped by James Reimer with a rebound.
12:38 of 1st period - Penalty to Tyler Kennedy is over, Tyler Kennedy is back on ice.
12:42 of 1st period - Off-side.
12:43 of 1st period - Tyler Kennedy wins face-off versus Cody Hodgson in neutral zone.
12:57 of 1st period - Brock Trotter is hit by Cody Hodgson and loses puck.
13:17 of 1st period - Snap shot by Gabriel Bourque.
13:17 of 1st period - Stopped by James Reimer with a rebound.
13:19 of 1st period - Wrist shot by Marc-André Bernier.
13:19 of 1st period - Stopped by James Reimer with a rebound.
13:21 of 1st period - Slapshot by Logan Stephenson.
13:21 of 1st period - Stopped by James Reimer with a rebound.
13:37 of 1st period - Wrist shot by Steven Goertzen.
13:37 of 1st period - Shot Misses the Net.
13:48 of 1st period - Icing by Rob Niedermayer.
13:49 of 1st period - Richard Park wins face-off versus Rob Niedermayer in Senators zone.
14:40 of 1st period - Snap shot by Richard Park.
14:40 of 1st period - Deflect By Zac Rinaldo.
14:40 of 1st period - Stopped by Jonas Gustavsson with a rebound.
14:42 of 1st period - Backhand shot by Cody Franson.
14:42 of 1st period - Stopped by Jonas Gustavsson with a rebound.
14:44 of 1st period - Snap shot by Richard Park.
14:44 of 1st period - Stopped by Jonas Gustavsson with a rebound.
15:22 of 1st period - Wrist shot by Brock Trotter.
15:22 of 1st period - Stopped by Jonas Gustavsson without a rebound.
15:23 of 1st period - Rob Niedermayer wins face-off versus Jordan Nolan in Senators zone.
16:11 of 1st period - Slapshot by Sergei Kostitsyn.
16:11 of 1st period - Shot Misses the Net.
16:28 of 1st period - Snap shot by Jack Skille.
16:28 of 1st period - Stopped by James Reimer with a rebound.
17:36 of 1st period - Snap shot by Boyd Gordon.
17:36 of 1st period - Shot Misses the Net.
17:38 of 1st period - Wrist shot by Peter Schaefer.
17:38 of 1st period - Shot Misses the Net.
17:40 of 1st period - Slapshot by Matt Irwin.
17:40 of 1st period - Shot Misses the Net.
17:42 of 1st period - Wrist shot by Travis Hamonic.
17:42 of 1st period - Stopped by Jonas Gustavsson with a rebound.
17:44 of 1st period - Wrist shot by Peter Schaefer.
17:44 of 1st period - Deflect By Milan Jurcina.
17:44 of 1st period - Stopped by Jonas Gustavsson with a rebound.
17:46 of 1st period - Slapshot by Travis Hamonic.
17:46 of 1st period - Shot Misses the Net.
17:48 of 1st period - Slapshot by Peter Schaefer.
17:48 of 1st period - Shot Misses the Net.
17:50 of 1st period - Slapshot by Travis Hamonic.
17:50 of 1st period - Stopped by Jonas Gustavsson with a rebound.
17:52 of 1st period - Slapshot by Matt Irwin.
17:52 of 1st period - Deflect By Boyd Gordon.
17:52 of 1st period - Stopped by Jonas Gustavsson with a rebound.
17:54 of 1st period - Snap shot by Travis Hamonic.
17:54 of 1st period - Stopped by Jonas Gustavsson without a rebound.
17:55 of 1st period - Jordan Nolan wins face-off versus Rob Niedermayer in Senators zone.
17:58 of 1st period - Wrist shot by Brock Trotter.
17:58 of 1st period - Shot Blocked by Stanislav Chistov.
18:00 of 1st period - Snap shot by Marc Methot.
18:00 of 1st period - Shot Blocked by Logan Stephenson.
18:16 of 1st period - Minor Penalty to Logan Stephenson for Slashing.
18:17 of 1st period - Jordan Nolan wins face-off versus Rob Niedermayer in Senators zone.
18:30 of 1st period - Slapshot by Cody Franson.
18:30 of 1st period - Goal by Cody Franson - Senators : 1 - Monarchs : 1.
18:31 of 1st period - Rob Niedermayer wins face-off versus Jordan Nolan in neutral zone.
19:19 of 1st period - Slapshot by Steven Goertzen.
19:19 of 1st period - Stopped by James Reimer with a rebound.
19:29 of 1st period - Slapshot by Steven Goertzen.
19:29 of 1st period - Shot Misses the Net.
19:43 of 1st period - Slapshot by Cody Hodgson.
19:43 of 1st period - Stopped by James Reimer with a rebound.
19:51 of 1st period - Wrist shot by Brett Sterling.
19:51 of 1st period - Shot Misses the Net.
Goals for this period are 1 for Senators vs 1 for Monarchs .
Shots for this period are 13 for Senators vs 16 for Monarchs .
2nd period
0:01 of 2nd period - Jordan Nolan wins face-off versus Rob Niedermayer in neutral zone.
0:26 of 2nd period - Milan Jurcina is hit by Boyd Gordon and loses puck.
0:33 of 2nd period - Slapshot by Cody Franson.
0:33 of 2nd period - Shot Blocked by Milan Jurcina.
1:13 of 2nd period - Slapshot by Roman Josi.
1:13 of 2nd period - Shot Blocked by Logan Stephenson.
1:55 of 2nd period - Off-side.
1:56 of 2nd period - Boyd Gordon wins face-off versus Josh Hennessy in neutral zone.
2:11 of 2nd period - Backhand shot by Peter Schaefer.
2:11 of 2nd period - Deflect By Boyd Gordon.
2:11 of 2nd period - Goal by Boyd Gordon - Senators : 1 - Monarchs : 2.
2:12 of 2nd period - Jordan Nolan wins face-off versus Rob Niedermayer in neutral zone.
2:25 of 2nd period - Snap shot by Niklas Hagman.
2:25 of 2nd period - Stopped by James Reimer with a rebound.
2:54 of 2nd period - Minor Penalty to Josh Hennessy for Slashing.
2:55 of 2nd period - Rob Niedermayer wins face-off versus Brock Trotter in Senators zone.
3:26 of 2nd period - Slapshot by Travis Hamonic.
3:26 of 2nd period - Stopped by Jonas Gustavsson with a rebound.
4:52 of 2nd period - Stanislav Chistov is hit by Eric Wellwood.
4:54 of 2nd period - Penalty to Josh Hennessy is over, Josh Hennessy is back on ice.
5:00 of 2nd period - Logan Stephenson is hit by Richard Park and loses puck.
5:11 of 2nd period - Peter Schaefer is hit by Josh Hennessy and loses puck.
6:06 of 2nd period - Minor Penalty to Stanislav Chistov for Hooking.
6:07 of 2nd period - Rob Niedermayer wins face-off versus Jordan Nolan in Senators zone.
6:09 of 2nd period - Snap shot by Jordan Nolan.
6:09 of 2nd period - Deflect By Brock Trotter.
6:09 of 2nd period - Shot Blocked by Niklas Hagman.
6:09 of 2nd period - Puck is out of play.
6:10 of 2nd period - Rob Niedermayer wins face-off versus Jordan Nolan in Senators zone.
6:44 of 2nd period - Snap shot by Tyler Kennedy.
6:44 of 2nd period - Deflect By Matt Martin.
6:44 of 2nd period - Shot Blocked by Vladimir Mihalik.
6:44 of 2nd period - Puck is out of play.
6:45 of 2nd period - Josh Hennessy wins face-off versus Zac Rinaldo in Senators zone.
8:06 of 2nd period - Penalty to Stanislav Chistov is over, Stanislav Chistov is back on ice.
8:19 of 2nd period - Brett Sterling is hit by Cody Franson and loses puck.
8:45 of 2nd period - Snap shot by Steven Goertzen.
8:45 of 2nd period - Stopped by James Reimer with a rebound.
9:40 of 2nd period - Slapshot by Boyd Gordon.
9:40 of 2nd period - Stopped by Jonas Gustavsson without a rebound.
9:41 of 2nd period - Boyd Gordon wins face-off versus Cody Hodgson in Senators zone.
11:06 of 2nd period - Marc Methot is hit by Niklas Hagman and loses puck.
11:36 of 2nd period - Icing by Tyson Barrie.
11:37 of 2nd period - Zac Rinaldo wins face-off versus Cody Hodgson in Senators zone.
11:38 of 2nd period - Slapshot by Matt Irwin.
11:38 of 2nd period - Shot Blocked by Shane Sims.
11:40 of 2nd period - Wrist shot by Matt Martin.
11:40 of 2nd period - Goal by Matt Martin - Senators : 1 - Monarchs : 3.
11:41 of 2nd period - Jordan Nolan wins face-off versus Rob Niedermayer in neutral zone.
12:02 of 2nd period - Minor Penalty to Stanislav Chistov for Interference.
12:03 of 2nd period - Jordan Nolan wins face-off versus Rob Niedermayer in Senators zone.
12:20 of 2nd period - Milan Jurcina is hit by Cody Franson and loses puck.
14:02 of 2nd period - Penalty to Stanislav Chistov is over, Stanislav Chistov is back on ice.
14:14 of 2nd period - Roman Josi is hit by Erik Haula and loses puck.
14:21 of 2nd period - Snap shot by Gabriel Bourque.
14:21 of 2nd period - Shot Misses the Net.
14:42 of 2nd period - Off-side.
14:43 of 2nd period - Boyd Gordon wins face-off versus Cody Hodgson in neutral zone.
14:59 of 2nd period - Icing by Peter Schaefer.
15:00 of 2nd period - Boyd Gordon wins face-off versus Erik Haula in Monarchs zone.
15:09 of 2nd period - Wrist shot by Tyler Kennedy.
15:09 of 2nd period - Shot Misses the Net.
15:11 of 2nd period - Snap shot by Matt Irwin.
15:11 of 2nd period - Stopped by Jonas Gustavsson without a rebound.
15:12 of 2nd period - Rob Niedermayer wins face-off versus Jordan Nolan in Senators zone.
15:45 of 2nd period - Snap shot by Zack Kassian.
15:45 of 2nd period - Deflect By Boyd Gordon.
15:45 of 2nd period - Shot Misses the Net.
15:45 of 2nd period - Puck is out of play.
15:46 of 2nd period - Josh Hennessy wins face-off versus Jordan Nolan in Senators zone.
15:46 of 2nd period - Josh Hennessy is hit by Jordan Nolan.
16:21 of 2nd period - Wrist shot by Rob Niedermayer.
16:21 of 2nd period - Stopped by James Reimer without a rebound.
16:22 of 2nd period - Steven Goertzen wins face-off versus Zac Rinaldo in Monarchs zone.
16:33 of 2nd period - Slapshot by Milan Jurcina.
16:33 of 2nd period - Stopped by James Reimer with a rebound.
16:35 of 2nd period - Wrist shot by Vladimir Mihalik.
16:35 of 2nd period - Shot Blocked by Matt Martin.
16:51 of 2nd period - Erik Karlsson is hit by Cody Franson and loses puck.
17:06 of 2nd period - Tyler Kennedy is hit by Logan Stephenson and loses puck.
17:25 of 2nd period - Wrist shot by Jack Skille.
17:25 of 2nd period - Shot Misses the Net.
17:45 of 2nd period - Milan Jurcina is hit by Jay Beagle.
18:11 of 2nd period - Slapshot by Vladimir Mihalik.
18:11 of 2nd period - Stopped by James Reimer with a rebound.
18:13 of 2nd period - Slapshot by Milan Jurcina.
18:13 of 2nd period - Shot Misses the Net.
18:15 of 2nd period - Snap shot by Gabriel Bourque.
18:15 of 2nd period - Shot Blocked by Roman Josi.
18:17 of 2nd period - Slapshot by Milan Jurcina.
18:17 of 2nd period - Stopped by James Reimer without a rebound.
18:18 of 2nd period - Tyler Kennedy wins face-off versus Rob Niedermayer in Monarchs zone.
18:20 of 2nd period - Minor Penalty to Marc Methot for Interference.
18:21 of 2nd period - Boyd Gordon wins face-off versus Rob Niedermayer in Monarchs zone.
19:36 of 2nd period - Erik Karlsson is hit by Brock Trotter and loses puck.
Goals for this period are 0 for Senators vs 2 for Monarchs .
Shots for this period are 6 for Senators vs 5 for Monarchs .
3rd period
0:01 of 3rd period - Boyd Gordon wins face-off versus Rob Niedermayer in neutral zone.
0:04 of 3rd period - Vladimir Mihalik is hit by Boyd Gordon and loses puck.
0:15 of 3rd period - Slapshot by Cody Franson.
0:15 of 3rd period - Stopped by Jonas Gustavsson with a rebound.
0:20 of 3rd period - Penalty to Marc Methot is over, Marc Methot is back on ice.
0:34 of 3rd period - Snap shot by Richard Park.
0:34 of 3rd period - Stopped by Jonas Gustavsson with a rebound.
0:36 of 3rd period - Slapshot by Roman Josi.
0:36 of 3rd period - Shot Blocked by Josh Hennessy.
0:38 of 3rd period - Wrist shot by Richard Park.
0:38 of 3rd period - Stopped by Jonas Gustavsson with a rebound.
0:40 of 3rd period - Wrist shot by Marc Methot.
0:40 of 3rd period - Shot Misses the Net.
1:02 of 3rd period - Slapshot by Vladimir Mihalik.
1:02 of 3rd period - Deflect By Matt Irwin.
1:02 of 3rd period - Stopped by James Reimer with a rebound.
1:04 of 3rd period - Wrist shot by Steven Goertzen.
1:04 of 3rd period - Stopped by James Reimer without a rebound.
1:05 of 3rd period - Jordan Nolan wins face-off versus Rob Niedermayer in Monarchs zone.
1:10 of 3rd period - Stanislav Chistov is hit by Tyler Kennedy and loses puck.
1:35 of 3rd period - Snap shot by Dana Tyrell.
1:35 of 3rd period - Shot Blocked by Logan Stephenson.
1:42 of 3rd period - Off-side.
1:43 of 3rd period - Jordan Nolan wins face-off versus Rob Niedermayer in neutral zone.
1:46 of 3rd period - Snap shot by Brock Trotter.
1:46 of 3rd period - Shot Blocked by Shane Sims.
1:51 of 3rd period - Icing by Stanislav Chistov.
1:52 of 3rd period - Rob Niedermayer wins face-off versus Jordan Nolan in Senators zone.
2:37 of 3rd period - Snap shot by Brock Trotter.
2:37 of 3rd period - Shot Misses the Net.
2:59 of 3rd period - Shane Sims is hit by Jordan Nolan and loses puck.
3:08 of 3rd period - Snap shot by Niklas Hagman.
3:08 of 3rd period - Shot Blocked by Jordan Nolan.
3:46 of 3rd period - Backhand shot by Niklas Hagman.
3:46 of 3rd period - Deflect By Stanislav Chistov.
3:46 of 3rd period - Shot Misses the Net.
3:46 of 3rd period - Puck is out of play.
3:47 of 3rd period - Boyd Gordon wins face-off versus Josh Hennessy in Monarchs zone.
4:24 of 3rd period - Wrist shot by Boyd Gordon.
4:24 of 3rd period - Goal by Boyd Gordon - Senators : 1 - Monarchs : 4.
4:25 of 3rd period - Josh Hennessy wins face-off versus Zac Rinaldo in neutral zone.
4:50 of 3rd period - Wrist shot by Cody Franson.
4:50 of 3rd period - Deflect By Steven Goertzen.
4:50 of 3rd period - Goal by Cody Franson - Senators : 1 - Monarchs : 5.
4:51 of 3rd period - Josh Hennessy wins face-off versus Boyd Gordon in neutral zone.
4:54 of 3rd period - Peter Schaefer is hit by Milan Jurcina.
4:58 of 3rd period - Snap shot by Steven Goertzen.
4:58 of 3rd period - Shot Misses the Net.
5:00 of 3rd period - Snap shot by Steven Goertzen.
5:00 of 3rd period - Stopped by James Reimer with a rebound.
5:02 of 3rd period - Snap shot by Steven Goertzen.
5:02 of 3rd period - Stopped by James Reimer without a rebound.
5:03 of 3rd period - Jordan Nolan wins face-off versus Rob Niedermayer in Monarchs zone.
5:49 of 3rd period - Brett Sterling is hit by Richard Park and loses puck.
6:02 of 3rd period - Snap shot by Richard Park.
6:02 of 3rd period - Stopped by Jonas Gustavsson with a rebound.
6:14 of 3rd period - Wrist shot by Gabriel Bourque.
6:14 of 3rd period - Shot Blocked by Roman Josi.
6:16 of 3rd period - Slapshot by Marc-André Bernier.
6:16 of 3rd period - Deflect By Gabriel Bourque.
6:16 of 3rd period - Stopped by James Reimer with a rebound.
6:18 of 3rd period - Snap shot by Marc-André Bernier.
6:18 of 3rd period - Stopped by James Reimer with a rebound.
6:26 of 3rd period - Wrist shot by Matt Martin.
6:26 of 3rd period - Stopped by Jonas Gustavsson without a rebound.
6:27 of 3rd period - Rob Niedermayer wins face-off versus Jordan Nolan in Senators zone.
6:32 of 3rd period - Travis Hamonic is hit by Milan Jurcina and loses puck.
7:22 of 3rd period - Wrist shot by Erik Karlsson.
7:22 of 3rd period - Stopped by James Reimer without a rebound.
7:23 of 3rd period - Dana Tyrell wins face-off versus Rob Niedermayer in Monarchs zone.
7:52 of 3rd period - Slapshot by Steven Goertzen.
7:52 of 3rd period - Stopped by James Reimer with a rebound.
7:54 of 3rd period - Wrist shot by Steven Goertzen.
7:54 of 3rd period - Stopped by James Reimer without a rebound.
7:55 of 3rd period - Tyler Kennedy wins face-off versus Josh Hennessy in Monarchs zone.
8:00 of 3rd period - Snap shot by Tyler Kennedy.
8:00 of 3rd period - Deflect By Jordan Nolan.
8:00 of 3rd period - Stopped by Jonas Gustavsson with a rebound.
8:14 of 3rd period - Slapshot by Tyler Kennedy.
8:14 of 3rd period - Goal by Tyler Kennedy - Senators : 1 - Monarchs : 6.
8:15 of 3rd period - Jordan Nolan wins face-off versus Rob Niedermayer in neutral zone.
8:40 of 3rd period - Boyd Gordon is hit by Josh Hennessy and loses puck.
9:26 of 3rd period - Snap shot by Jay Beagle.
9:26 of 3rd period - Shot Misses the Net.
9:28 of 3rd period - Slapshot by Jay Beagle.
9:28 of 3rd period - Shot Misses the Net.
9:34 of 3rd period - Snap shot by Dana Tyrell.
9:34 of 3rd period - Goal by Dana Tyrell - Senators : 1 - Monarchs : 7.
9:34 of 3rd period - Alexander Salak enters game.
9:35 of 3rd period - Niklas Hagman wins face-off versus Jordan Nolan in neutral zone.
9:37 of 3rd period - Minor Penalty to Logan Stephenson for High sticking.
9:38 of 3rd period - Jordan Nolan wins face-off versus Rob Niedermayer in Senators zone.
9:52 of 3rd period - Snap shot by Brock Trotter.
9:52 of 3rd period - Deflect By Niklas Hagman.
9:52 of 3rd period - Shot Blocked by Milan Jurcina.
9:52 of 3rd period - Puck is out of play.
9:53 of 3rd period - Jordan Nolan wins face-off versus Rob Niedermayer in Senators zone.
9:56 of 3rd period - Snap shot by Jordan Nolan.
9:56 of 3rd period - Shot Misses the Net.
9:58 of 3rd period - Wrist shot by Jordan Nolan.
9:58 of 3rd period - Shot Misses the Net.
10:00 of 3rd period - Slapshot by Cody Franson.
10:00 of 3rd period - Stopped by Alexander Salak with a rebound.
10:16 of 3rd period - Milan Jurcina is hit by Tyler Kennedy.
10:20 of 3rd period - Slapshot by Tyler Kennedy.
10:20 of 3rd period - Shot Misses the Net.
10:22 of 3rd period - Snap shot by Travis Hamonic.
10:22 of 3rd period - Stopped by Alexander Salak without a rebound.
10:23 of 3rd period - Jordan Nolan wins face-off versus Rob Niedermayer in Senators zone.
10:24 of 3rd period - Slapshot by Zack Kassian.
10:24 of 3rd period - Deflect By Niklas Hagman.
10:24 of 3rd period - Shot Misses the Net.
10:24 of 3rd period - Puck is out of play.
10:25 of 3rd period - Jordan Nolan wins face-off versus Rob Niedermayer in Senators zone.
10:36 of 3rd period - Wrist shot by Brock Trotter.
10:36 of 3rd period - Shot Misses the Net.
11:00 of 3rd period - Snap shot by Matt Martin.
11:00 of 3rd period - Stopped by Alexander Salak with a rebound.
11:26 of 3rd period - Wrist shot by Niklas Hagman.
11:26 of 3rd period - Shot Misses the Net.
11:37 of 3rd period - Penalty to Logan Stephenson is over, Logan Stephenson is back on ice.
11:53 of 3rd period - Minor Penalty to Shawn Belle for Boarding.
11:54 of 3rd period - Rob Niedermayer wins face-off versus Boyd Gordon in Monarchs zone.
12:08 of 3rd period - Wrist shot by Stanislav Chistov.
12:08 of 3rd period - Stopped by James Reimer with a rebound.
12:10 of 3rd period - Snap shot by Milan Jurcina.
12:10 of 3rd period - Stopped by James Reimer without a rebound.
12:11 of 3rd period - Boyd Gordon wins face-off versus Josh Hennessy in Monarchs zone.
12:16 of 3rd period - Minor Penalty to Sergei Kostitsyn for Hooking.
12:17 of 3rd period - Rob Niedermayer wins face-off versus Boyd Gordon in Senators zone.
12:24 of 3rd period - Cody Franson is hit by Rob Niedermayer and loses puck.
12:28 of 3rd period - Icing by Cody Franson.
12:29 of 3rd period - Rob Niedermayer wins face-off versus Boyd Gordon in Monarchs zone.
12:30 of 3rd period - Snap shot by Niklas Hagman.
12:30 of 3rd period - Deflect By Rob Niedermayer.
12:30 of 3rd period - Deflect By Boyd Gordon.
12:30 of 3rd period - Shot Misses the Net.
12:30 of 3rd period - Puck is out of play.
12:31 of 3rd period - Rob Niedermayer wins face-off versus Boyd Gordon in Monarchs zone.
13:14 of 3rd period - Stanislav Chistov is hit by Jordan Nolan and loses puck.
13:53 of 3rd period - Penalty to Shawn Belle is over, Shawn Belle is back on ice.
14:05 of 3rd period - Brock Trotter is hit by Milan Jurcina and loses puck.
14:16 of 3rd period - Penalty to Sergei Kostitsyn is over, Sergei Kostitsyn is back on ice.
14:51 of 3rd period - Wrist shot by Jay Beagle.
14:51 of 3rd period - Shot Misses the Net.
15:03 of 3rd period - Slapshot by Josh Hennessy.
15:03 of 3rd period - Stopped by James Reimer with a rebound.
15:05 of 3rd period - Snap shot by Sergei Kostitsyn.
15:05 of 3rd period - Stopped by James Reimer with a rebound.
15:07 of 3rd period - Slapshot by Vladimir Mihalik.
15:07 of 3rd period - Stopped by James Reimer without a rebound.
15:08 of 3rd period - Rob Niedermayer wins face-off versus Matt Martin in Monarchs zone.
15:08 of 3rd period - Matt Martin and Stanislav Chistov fight to a draw.
15:08 of 3rd period - Penalty to Matt Martin for Fighting.
15:08 of 3rd period - Penalty to Stanislav Chistov for Fighting.
15:09 of 3rd period - Rob Niedermayer wins face-off versus Jordan Nolan in Monarchs zone.
15:14 of 3rd period - Snap shot by Niklas Hagman.
15:14 of 3rd period - Shot Blocked by Travis Hamonic.
15:16 of 3rd period - Snap shot by Rob Niedermayer.
15:16 of 3rd period - Stopped by James Reimer without a rebound.
15:17 of 3rd period - Jordan Nolan wins face-off versus Rob Niedermayer in Monarchs zone.
15:22 of 3rd period - Snap shot by Tyler Kennedy.
15:22 of 3rd period - Shot Blocked by Logan Stephenson.
15:32 of 3rd period - Wrist shot by Niklas Hagman.
15:32 of 3rd period - Stopped by James Reimer without a rebound.
15:33 of 3rd period - Boyd Gordon wins face-off versus Josh Hennessy in Monarchs zone.
15:44 of 3rd period - Snap shot by Boyd Gordon.
15:44 of 3rd period - Shot Blocked by Josh Hennessy.
15:45 of 3rd period - Vladimir Mihalik beats up Zack Kassian.
15:45 of 3rd period - Penalty to Zack Kassian for Fighting.
15:45 of 3rd period - Penalty to Vladimir Mihalik for Fighting.
15:46 of 3rd period - Rob Niedermayer wins face-off versus Jordan Nolan in Senators zone.
15:46 of 3rd period - Rob Niedermayer is hit by Jordan Nolan.
15:52 of 3rd period - Niklas Hagman is hit by Brock Trotter and loses puck.
16:01 of 3rd period - Slapshot by Jack Skille.
16:01 of 3rd period - Shot Misses the Net.
16:07 of 3rd period - Minor Penalty to Matt Irwin for Hooking.
16:08 of 3rd period - Boyd Gordon wins face-off versus Rob Niedermayer in Monarchs zone.
16:33 of 3rd period - Boyd Gordon is hit by Sergei Kostitsyn and loses puck.
17:18 of 3rd period - Sergei Kostitsyn is hit by Marc Methot and loses puck.
17:54 of 3rd period - Icing by Sergei Kostitsyn.
17:55 of 3rd period - Josh Hennessy wins face-off versus Jordan Nolan in Senators zone.
18:07 of 3rd period - Penalty to Matt Irwin is over, Matt Irwin is back on ice.
18:16 of 3rd period - Wrist shot by Matt Irwin.
18:16 of 3rd period - Stopped by Alexander Salak without a rebound.
18:17 of 3rd period - Boyd Gordon wins face-off versus Erik Haula in Senators zone.
19:18 of 3rd period - Slapshot by Matt Irwin.
19:18 of 3rd period - Stopped by Alexander Salak without a rebound.
19:19 of 3rd period - Jordan Nolan wins face-off versus Jack Skille in Senators zone.
Goals for this period are 0 for Senators vs 4 for Monarchs .
Shots for this period are 16 for Senators vs 15 for Monarchs .
Output by the SimonT Hockey Simulator (STHS) for François Prévost -- Original Page W3C XHTML 1.0 Valid